 Dungeon Crawl Stone Soup version 0.29.1-1-gd02db6906a (webtiles) character file.

Game seed: 15944965622323277550

23832 Spacebear9 the Grappler (level 13, -2/117 HPs)
             Began as a Ghoul Gladiator on Oct 6, 2022.
             Was a High Priest of Cheibriados.
             Slain by a boulder beetle (10 damage)
             ... on level 3 of the Lair of Beasts on Oct 7, 2022.
             The game lasted 00:39:47 (16919 turns).

Spacebear9 the Grappler (Ghoul Gladiator)          Turns: 16919, Time: 00:39:48

Health: -2/117     AC: 21    Str: 35    XL:     13   Next: 9%
Magic:  16/19      EV:  9    Int: 15    God:    Cheibriados [*****.]
Gold:   675        SH: 12    Dex: 22    Spells: 12/12 levels left

rFire   . . .      SeeInvis .     - Unarmed
rCold   + + .      Faith    .   f - +1 kite shield
rNeg    + + +      Spirit   .   s - +0 plate armour
rPois   ∞          Reflect  .   b - +0 helmet
rElec   .          Harm     .   B - +1 cloak {Stlth+}
rCorr   .          Rampage  .   F - +0 pair of gloves
Will    .....                   (no boots)
Stlth   ..........              (no amulet)
HPRegen 0.00/turn               n - ring of protection from cold
MPRegen 0.16/turn               (no ring)

@: inhibited regen, very slow
A: claws 1, cold resistance 1, negative energy resistance 3, inhibited
regeneration, torment resistance 2, devour on kill
a: Renounce Religion, Bend Time, Temporal Distortion, Slouch, Step From Time


You were on level 3 of the Lair of Beasts.
You worshipped Cheibriados.
Cheibriados was extremely pleased with you.
You visited 2 branches of the dungeon, and saw 15 of its levels.
You also visited: Ossuary.

You collected 825 gold pieces.
You spent 150 gold pieces at shops.

Inventory:

Missiles
 c - 3 throwing nets (quivered)
 d - a javelin
 i - 141 stones
Armour
 b - a +0 helmet (worn)
 f - a +1 kite shield (worn)
 s - a +0 plate armour (worn)
 B - a +1 cloak of stealth (worn)
 F - a +0 pair of gloves (worn)
Jewellery
 n - a ring of protection from cold (left hand)
Wands
 k - a wand of light (8)
 o - a wand of flame (57)
 x - a wand of paralysis (7)
 y - a wand of digging (1)
Scrolls
 g - 3 scrolls of teleportation
 j - 2 scrolls of immolation
 p - 4 scrolls of butterflies
 q - 5 scrolls of identify
 t - 3 scrolls of blinking
 u - 3 scrolls of fear
 z - 2 scrolls of enchant weapon
 A - a scroll of poison
 C - 2 scrolls of amnesia
 D - a scroll of silence {unknown}
Potions
 a - 3 potions of mutation
 e - 6 potions of might
 h - 6 potions of heal wounds
 l - 5 potions of flight
 m - a potion of brilliance
 r - 4 potions of attraction
 v - 7 potions of curing
 w - 2 potions of invisibility
 G - 2 potions of lignification
 H - 3 potions of resistance
 I - 6 potions of ambrosia
 J - a potion of berserk rage {unknown}
Miscellaneous
 E - a condenser vane


   Skills:
 + Level 11.7 Fighting
 * Level 2.1 Throwing
 - Level 12.4 Armour
 - Level 4.0 Dodging
 - Level 5.0 Shields
 + Level 12.7 Unarmed Combat
 + Level 10.6 Invocations
 * Level 0.4 Evocations


You had 12 spell levels left.
You didn't know any spells.
Your spell library contained the following spells:

 Spells                   Type           Power      Damage    Failure   Level
 Freeze                   Ice            0%         1d3       98%         1
 Sandblast                Erth           0%         2d4       98%         1
 Slow                     Hex            0%         N/A       98%         1
 Sting                    Tmut/Pois      0%         1d3       98%         1
 Passwall                 Tmut/Erth      0%         N/A       99%         2
 Confusing Touch          Hex            0%         N/A       100%        3
 Conjure Flame            Conj/Fire      0%         6-21      100%        3
 Frozen Ramparts          Ice            0%         1d1       100%        3
 Gell's Gravitas          Tloc           0%         N/A       100%        3
 Ignite Poison            Fire/Tmut/Pois 0%         N/A       100%        3
 Stone Arrow              Conj/Erth      0%         3d7       100%        3
 Teleport Other           Tloc           0%         N/A       100%        3
 Vampiric Draining        Necr           0%         2d6       100%        3
 Hailstorm                Conj/Ice       0%         3d3       100%        4
 Olgreb's Toxic Radiance  Pois           0%         N/A       100%        4
 Sticky Flame             Conj/Fire      0%         2d3       100%        4
 Dispersal                Tloc           0%         N/A       100%        6
 Ozocubu's Refrigeration  Ice            0%         4d7       100%        7
 Ignition                 Fire           0%         3d3       100%        8


Dungeon Overview and Level Annotations

Branches:
Dungeon (12/15)            Temple (0/1) D:7            Lair (3/5) D:8
 Spider (0/4) Lair:2          Orc (0/2) D:9         Ossuary (visited)
  Swamp: Lair:2-3    Shoals: Lair:2-3

Altars:
Ashenzari
Cheibriados
Makhleb
Nemelex Xobeh
Okawaru
Qazlal
Ru
Uskayaw
Vehumet
Xom
Yredelemnul

Shops:
D:8 :   D:9 !:!(

Annotations:
D:7 2 transporters, Wentworth's ghost, novice DrIE
D:11 2 transporters, Du3lingdragon's ghost, journeyman TeFi
D:12 exclusion: obsidian statue
Lair:1 exclusion: oklob plant


Innate Abilities, Weirdness & Mutations

You are immune to poison.
You have sharp fingernails.
Your flesh is cold resistant. (rC+)
You are immune to negative energy. (rN+++)
You do not regenerate when monsters are visible.
You are immune to unholy pain and torment.
You thrive by killing the living.


Message History

The boulder beetle is heavily wounded.
You block the boulder beetle's attack. You block the cane toad's attack.
You punch the boulder beetle!
The boulder beetle is severely wounded.
You block the boulder beetle's attack. You block the cane toad's attack.
You punch the boulder beetle!
The boulder beetle is severely wounded.
You block the cane toad's attack. You block the boulder beetle's attack.
You hit the boulder beetle but do no damage.
The boulder beetle is severely wounded.
The cane toad closely misses you. The boulder beetle barely misses you.
You hit the boulder beetle but do no damage.
The boulder beetle is severely wounded.
The cane toad stings you.
The boulder beetle bites you but does no damage.
You hit the boulder beetle but do no damage.
The boulder beetle is severely wounded.
You block the cane toad's attack.
The boulder beetle bites you but does no damage.
You hit the boulder beetle.
The boulder beetle is almost dead.
You block the cane toad's attack.
The boulder beetle leaps!
The cane toad stings you. You block the cane toad's attack.
The boulder beetle curls into a ball and begins rolling!
You block the cane toad's attack.
You hit the cane toad but do no damage.
The cane toad is almost dead.
The cane toad stings you.
You pummel the cane toad!!
You kill the cane toad!
Cheibriados thoroughly appreciates the change of pace.
The boulder beetle hits you!!!
* * * LOW HITPOINT WARNING * * *
The boulder beetle stops rolling and uncurls.
The boulder beetle closely misses you.
You see here a water moccasin corpse.
You hit the boulder beetle.
The boulder beetle is severely wounded.
The boulder beetle bites you!
You die...

# # ############## #♣##
.##.#.#.P.##P#######♣.♣.####
....P........................
....................♣.♣......#
.........<...................#
....................♣.♣......#
..............<.@B°.........#
....................♣.♣....#
.................#........##
...............#..##♣.♣...P#
#.#.#.##.###..######○.....##
.####. ### #### ♣♣B♣..## .# #
#.°.## ...○# #...°#


You could see a boulder beetle.

Vanquished Creatures
  The ghost of XxsatanxX the Cleaver, a journeyman MiBe of Trog (Lair:1)
  A hydra (D:11)
  A boulder beetle (D:11)
  5 two-headed ogres
  The ghost of XxsatanxX the Cleaver, a novice MiBe of Trog (D:8)
  Erica (D:11)
  A manticore (D:12)
  Maurice (D:9)
  3 black mambas
  2 cane toads
  A gargoyle (D:11)
  Maggie (D:9)
  An unseen horror (D:10)
  Psyche (D:9)
  3 trolls
  2 polar bears
  A hornet (D:9)
  A queen bee (Lair:2)
  A vampire (D:10)
  25 yaks
  4 wraiths
  A shadow (D:11)
  2 wyverns (D:9)
  A steam dragon (Lair:1)
  2 humans (D:7)
  A basilisk (D:12)
  5 redbacks (Lair:2)
  4 vampire mosquitoes (D:10)
  4 water moccasins
  2 black bears
  3 orc warriors
  3 ice beasts
  4 ogres
  A sky beast (D:3)
  6 wolves (Lair:2)
  7 centaurs
  3 phantoms (D:6)
  6 bullfrogs
  5 kobold brigands
  A necrophage (D:7)
  3 scorpions
  4 water moccasin zombies (Ossuary)
  33 killer bees
  2 howler monkeys
  An electric eel (D:6)
  2 jellies (D:7)
  8 orc priests
  A hound (D:6)
  Ijyb (D:3)
  Crazy Yiuf (D:3)
  A scorpion zombie (D:4)
  2 iguanas
  9 orc wizards
  2 mummies (Ossuary)
  12 adders
  A shadow imp (D:5)
  3 adder zombies
  2 dart slugs
  50 orcs
  6 endoplasms
  3 giant cockroaches
  3 gnoll zombies (Ossuary)
  8 goblins
  5 hobgoblins
  11 jackals
  A quokka (D:1)
  5 ball pythons
  4 bats
  A frilled lizard (D:1)
  6 hobgoblin zombies (Ossuary)
  33 kobolds
  5 orc zombies (Ossuary)
  8 rats
  A toadstool (D:1)
357 creatures vanquished.

Vanquished Creatures (others)
  A yak (D:9)
  4 fungi (Lair:2)
  3 plants (Lair:2)
  3 toadstools (D:1)
11 creatures vanquished.

Grand Total: 368 creatures vanquished

Notes
Turn   | Place    | Note
-------+----------+-------------------------------------------
     0 | D:1      | Spacebear9 the Ghoul Gladiator began the quest for the Orb.
     0 | D:1      | Reached XP level 1. HP: 17/17 MP: 0/0
   165 | D:1      | Found a faded altar of an unknown god.
   171 | D:1      | Got Plato's Book of Shaping
   172 | D:1      | Prayed at the altar of an unknown god.
   172 | D:1      | Became a worshipper of Cheibriados the Contemplative
   172 | D:1      | Reached * piety under Cheibriados
   450 | D:1      | Reached XP level 2. HP: 24/25 MP: 1/1
   606 | D:1      | Reached ** piety under Cheibriados
   880 | D:1      | Reached XP level 3. HP: 30/30 MP: 2/2
  1153 | D:2      | Found a burning altar of Makhleb.
  1170 | D:1      | Reached skill level 1 in Shields
  1888 | D:2      | Reached XP level 4. HP: 37/37 MP: 3/3
  2002 | D:3      | Noticed a sky beast
  2296 | D:3      | Found a runed translucent door.
  2297 | D:3      | Noticed Crazy Yiuf
  2303 | D:3      | Killed Crazy Yiuf
  2373 | D:3      | Noticed Ijyb
  2386 | D:3      | Killed Ijyb
  2387 | D:3      | Reached skill level 5 in Unarmed Combat
  2387 | D:3      | Reached XP level 5. HP: 19/45 MP: 4/4
  2566 | D:3      | Reached *** piety under Cheibriados
  2993 | D:3      | Killed a sky beast
  2994 | D:3      | Reached XP level 6. HP: 32/52 MP: 5/5
  3473 | D:4      | Found a radiant altar of Vehumet.
  3584 | D:4      | Reached **** piety under Cheibriados
  3737 | D:4      | Found a basalt altar of Yredelemnul.
  3765 | D:4      | Found a sparkling altar of Nemelex Xobeh.
  3790 | D:4      | Reached XP level 7. HP: 5/60 MP: 6/6
  4372 | D:4      | Found a shimmering altar of Xom.
  4398 | D:4      | Reached skill level 5 in Fighting
  4519 | D:4      | Reached skill level 1 in Invocations
  4577 | D:4      | Found a sacrificial altar of Ru.
  4645 | D:5      | Entered Level 5 of the Dungeon
  4741 | D:5      | Identified a scroll of acquirement
  4741 | D:5      | Acquired a manual of Armour
  4767 | D:5      | Reached skill level 1 in Armour
  4767 | D:5      | Reached XP level 8. HP: 45/68 MP: 6/8
  4869 | D:5      | Reached ***** piety under Cheibriados
  5341 | D:6      | Noticed a wraith
  5356 | D:6      | Killed a wraith
  5357 | D:6      | Reached skill level 5 in Armour
  5587 | D:6      | Reached XP level 9. HP: 45/75 MP: 10/10
  5774 | D:6      | Found a hide-covered altar of Uskayaw.
  6735 | D:7      | Identified the +9 war axe of Nion {protect, Fragile rElec
                  | rPois}
  6982 | D:7      | Found a transporter.
  7002 | D:7      | Found a staircase to the Ecumenical Temple.
  7133 | D:7      | Found a transporter.
  7133 | D:7      | Noticed a queen bee
  7134 | D:7      | Noticed Wentworth's ghost (novice DrIE)
  7235 | D:7      | Found an iron altar of Okawaru.
  7701 | D:7      | Reached skill level 5 in Invocations
  7868 | D:8      | Found a staircase to the Lair.
  7881 | D:8      | Found a broken altar of Ashenzari.
  7903 | D:8      | Found a sand-covered staircase.
  7911 | Ossuary  | Entered an ossuary
  7993 | Ossuary  | Reached XP level 10. HP: 84/86 MP: 11/13
  8250 | D:8      | Found Beejog's Self-Improvement Boutique.
  8429 | D:8      | Found a runed translucent gate.
  8429 | D:8      | Found a runed translucent gate.
  8434 | D:8      | Noticed XxsatanxX's ghost (novice MiBe)
  8435 | D:8      | Found a runed translucent gate.
  8450 | D:8      | Killed XxsatanxX's ghost
  8451 | D:8      | Reached skill level 10 in Armour
  8945 | D:9      | Found Ucetisap's Book Boutique.
  8945 | D:9      | Found Miecof's Antique Weapon Shop.
  8948 | D:9      | Found Horgh's Distillery.
  8975 | D:9      | Bought a potion of curing for 45 gold pieces
  8975 | D:9      | Bought a potion of curing for 45 gold pieces
  8975 | D:9      | Bought a potion of might for 60 gold pieces
  9002 | D:9      | Found Miateinty's Distillery.
  9063 | D:9      | Reached ****** piety under Cheibriados
  9354 | D:9      | Noticed Psyche
  9385 | D:9      | Killed Psyche
  9732 | D:9      | Reached skill level 10 in Unarmed Combat
  9852 | D:9      | Noticed a two-headed ogre
  9859 | D:9      | Killed a two-headed ogre
  9860 | D:9      | Reached XP level 11. HP: 46/95 MP: 10/15
  9915 | D:9      | Found a staircase to the Orcish Mines.
  9929 | D:9      | Noticed a two-headed ogre
  9937 | D:9      | Killed a two-headed ogre
 10143 | D:9      | Noticed Maurice
 10159 | D:9      | Killed Maurice
 10579 | D:9      | Noticed Maggie
 10594 | D:9      | Killed Maggie
 10835 | D:9      | Found a snail-covered altar of Cheibriados.
 10866 | D:10     | Entered Level 10 of the Dungeon
 11344 | D:10     | Found a stormy altar of Qazlal.
 12664 | D:11     | Noticed a two-headed ogre
 12681 | D:11     | Killed a two-headed ogre
 12682 | D:11     | Reached skill level 10 in Fighting
 12685 | D:11     | Reached XP level 12. HP: 98/106 MP: 17/17
 12766 | D:11     | Noticed a two-headed ogre
 12766 | D:11     | Noticed Erica
 12778 | D:11     | Killed a two-headed ogre
 12784 | D:11     | Killed Erica
 12961 | D:11     | Noticed a five-headed hydra
 12972 | D:11     | Killed a five-headed hydra
 13029 | D:11     | Noticed a two-headed ogre
 13036 | D:11     | Noticed a boulder beetle
 13043 | D:11     | Killed a two-headed ogre
 13086 | D:11     | Killed a boulder beetle
 13625 | D:11     | Found a transporter.
 13628 | D:11     | Noticed Du3lingdragon's ghost (journeyman TeFi)
 13629 | D:11     | Found a transporter.
 13629 | D:11     | Noticed a two-headed ogre
 13630 | D:11     | Identified the +7 great mace "Zaumah" {distort, Fragile
                  | rElec rPois rC+++ Dex-5}
 13630 | D:11     | Noticed a two-headed ogre
 13630 | D:11     | Noticed a two-headed ogre
 13939 | Lair:1   | Entered Level 1 of the Lair of Beasts
 14349 | Lair:1   | Found a runed translucent door.
 14349 | Lair:1   | Noticed XxsatanxX's ghost (journeyman MiBe)
 14396 | Lair:1   | HP: 4/108 [XxsatanxX's ghost (8)]
 14398 | Lair:1   | Killed XxsatanxX's ghost
 15692 | Lair:2   | Reached skill level 10 in Invocations
 16089 | Lair:2   | Reached XP level 13. HP: 111/116 MP: 19/19
 16248 | Lair:2   | Found a hole to the Spider Nest.
 16405 | Lair:2   | Reached skill level 5 in Shields
 16919 | Lair:3   | Slain by a boulder beetle

Illustrated notes

Levels and vault maps discovered:
D:1:      ldierk_water_garden, layout_basic, shapermc_ecumenical_altar_rom_forum
D:2:      layout_basic, basic_altar, minmay_domino_2
D:3:      layout_basic, uniq_crazy_yiuf_cottage, uniq_ijyb
D:4:      minmay_chambers_of_threes, layout_gridville, vehumet_altar_wand_db,
          mainiacjoe_overflow_alcove_2, lemuel_zombie_altar_yredelemnul,
          nemelex_xobeh_ov_fountains_minmay, lemuel_tele_altar, chequers_garden
D:5:      layout_basic, kennysheep_generic_room_12
D:6:      layout_basic, nicolae_uskayaw_suspiria, minivault_4,
          minmay_tree_intersection
D:7:      layout_loops_ring, mainiacjoe_overflow_paths, okawaru_humans,
          minmay_temple_entry_steel_oval, gammafunk_ghost_hive
D:8:      layout_loops_ring, evilmike_ruin_ashenzari, lair_entry_dummy,
          nicolae_ossuary_entry_monument, ebering_ghost_rock_garden,
          nicolae_shop_self_help
D:9:      layout_roguey, general_overflow_altar, hiddenorc2_lemuel,
          serial_shops, shop, shop, nicolae_shop_statue_plus, shop,
          kennysheep_generic_room_7, uniq_maurice, uniq_psyche, uniq_maggie
D:10:     layout_stronghold, mainiacjoe_overflow_catwalk
D:11:     layout_roguey, gammafunk_ghost_smash, uniq_erica
D:12:     dreamdust_isle_of_ice, layout_basic, minmay_statue_bubble
Lair:1:   layout_cave_shapes, gammafunk_ghost_grave, grunt_megastairs_1
Lair:2:   layout_roguey [special_room_bee], spider_nest_entry_a,
          serial_bayou_shore_b
Lair:3:   layout_hall_layers, minmay_swamp_entry_reptiles, serial_forest,
          infiniplex_forest_straight_3, infiniplex_forest_split,
          infiniplex_forest_end_3, infiniplex_forest_straight_2,
          infiniplex_forest_clump_double, infiniplex_forest_clump_long,
          infiniplex_forest_straight_1, infiniplex_forest_lined_3

Skill      XL: |  1  2  3  4  5  6  7  8  9 10 11 12 13 |
---------------+----------------------------------------+-----
Throwing       | 2 |  2.1
Shields        | 1 2 3 4 5 |  5.0
Unarmed Combat | 4 5 6 7 8 9 10 11 12 | 12.7
Fighting       | 3 4 5 6 7 8 10 11 | 11.7
Invocations    | 1 3 5 7 8 10 | 10.6
Armour         | 1 5 8 11 12 | 12.4
Dodging        | 3 4 |  4.0
Evocations     | |  0.4

Action                   |  1- 3 |  4- 6 |  7- 9 | 10-12 | 13-15 || total
-------------------------+-------+-------+-------+-------+-------++-------
Melee: Unarmed           |   133 |   136 |   332 |   673 |    46 ||  1320
Invok: Slouch            |       |       |       |    10 |     1 ||    11
       Bend Time         |       |       |       |     1 |       ||     1
  Use: Scroll            |     5 |     4 |    10 |     7 |       ||    26
 Stab: Sleeping          |       |     3 |       |       |       ||     3
Armor: Leather armour    |    30 |    38 |       |       |       ||    68
       Plate armour      |       |       |   139 |   375 |    18 ||   532
Dodge: Dodged            |    66 |    51 |    88 |   206 |    16 ||   427
Block: Kite shield       |    59 |    66 |   152 |   407 |    32 ||   716
